 Dungeon Crawl Stone Soup version 0.31-a0-339-gda1cbd555d (webtiles) character file.

Game seed: 1030490547773563779

78 Newt the Trooper (level 4, -3/37 HPs)
             Began as a Demonspawn Gladiator on July 20, 2023.
             Was an Initiate of Makhleb.
             Frozen to death by an endoplasm (4 damage)
             ... on level 3 of the Dungeon.
             The game lasted 00:01:53 (1724 turns).

Newt the Trooper (Demonspawn Gladiator)             Turns: 1724, Time: 00:01:54

Health: -3/37      AC:  8    Str: 17    XL:     4   Next: 15%
Magic:  4/4        EV: 12    Int:  9    God:    Makhleb [......]
Gold:   74         SH:  0    Dex: 14    Spells: 3/3 levels left

rFire   . . .        l - +3 dagger
rCold   . . .        (no shield)
rNeg    . . .        b - +0 leather armour
rPois   .            (helmet restricted)
rElec   .            (no cloak)
rCorr   .            (no gloves)
SInv    +            j - +2 pair of boots
Will    .....        (no amulet)
Stlth   +            h - ring of see invisible
HPRegen 0.26/turn    (no ring)
MPRegen 0.09/turn

%: no passive effects
@: no status effects
A: horns 1, slimy green scales 1, powered by pain 1
a: Renounce Religion


You were on level 3 of the Dungeon.
You worshipped Makhleb.
Makhleb was noncommittal.
You visited 1 branch of the dungeon, and saw 3 of its levels.

You collected 74 gold pieces.

Inventory:

Hand Weapons
 a - a +0 rapier of protection
 l - a +3 dagger (weapon)
Missiles
 e - a javelin
 o - 2 poisoned darts
Armour
 b - a +0 leather armour (worn)
 c - a +1 helmet
 j - a +2 pair of boots (worn)
Jewellery
 h - a ring of see invisible (left hand)
Scrolls
 i - 2 scrolls of fog {unknown}
Potions
 f - a potion of heal wounds {unknown}
 g - a potion of might {unknown}
 k - a potion of degeneration {unknown}
 m - a potion of mutation {unknown}
 n - a potion of curing {unknown}


   Skills:
 - Level 4.0 Fighting
 + Level 3.3 Short Blades
 - Level 1.7 Throwing
 - Level 2.6 Dodging


You had 3 spell levels left.
You didn't know any spells.
Your spell library contained the following spells:

 Spells                   Type           Power      Damage    Failure   Level
 Slow                     Hex            0%         N/A       45%         1
 Confusing Touch          Hex            0%         N/A       83%         3
 Ignite Poison            Fire/Tmut/Pois 0%         N/A       83%         3
 Vampiric Draining        Necr           0%         2d6       83%         3
 Sticky Flame             Conj/Fire      0%         2d3       99%         4
 Ignition                 Fire           0%         3d3       100%        8


Dungeon Overview and Level Annotations

Branches:
Dungeon (3/15)

Altars:
Makhleb

Annotations:
D:3 Ijyb


Innate Abilities, Weirdness & Mutations

You have a pair of small horns on your head.
You are partially covered in slimy green scales. (AC +2)
You sometimes gain a little power by taking damage.


Message History

Your +0 rapier of protection goes still.
l - a +3 dagger (weapon)
You feel sick.
Ijyb struggles against the net.
The endoplasm barely misses you.
You hit Ijyb but do no damage. You headbutt Ijyb, but do no damage.
Ijyb is moderately wounded.
You feel sick. The endoplasm misses you.
Ijyb zaps a wand.
The puff of flame misses you.
Ijyb struggles against the net.
You catch the helpless Ijyb completely off-guard!
You hit Ijyb.
Ijyb is heavily wounded.
You feel sick. The endoplasm hits you.
You hit Ijyb.
Ijyb is heavily wounded.
You feel sick. The endoplasm hits you.
* * * LOW HITPOINT WARNING * * *
Ijyb struggles against the net.
You hit Ijyb.
Ijyb is heavily wounded.
You feel sick.
You hit Ijyb but do no damage.
Ijyb is heavily wounded.
Ijyb struggles against the net.
The endoplasm hits you but does no damage.
You strike the helpless Ijyb from behind!
You hit Ijyb.
Ijyb is severely wounded.
You feel sick.
Ijyb struggles against the net.
The net rips apart, and Ijyb comes free!
The endoplasm freezes you.
You are frozen.
* * * LOW HITPOINT WARNING * * *
You closely miss Ijyb.
Ijyb is severely wounded.
You feel sick.
You are no longer poisoned.
Ijyb hits you with a +0 dagger of venom.
* * * LOW HITPOINT WARNING * * *
The endoplasm freezes you.
You are frozen.
You die...

...# .. ..## #.#.
[..###....
####.........
#............
#............
#.....J......
#....@g.....(
#.<.....#....
..................
.....#..?....###..
#### #.......#
#.......#
#.......#
#########


You could see Ijyb and an endoplasm.

Vanquished Creatures
  4 adders (D:2)
  A worm (D:2)
  A dart slug (D:2)
  A ball python (D:2)
  2 endoplasms
  9 giant cockroaches
  4 goblins
  A hobgoblin (D:2)
  3 quokkas (D:2)
  2 bats (D:2)
  A frilled lizard (D:1)
  2 kobolds (D:2)
  4 rats (D:2)
35 creatures vanquished.

Notes
Turn   | Place    | Note
-------+----------+-------------------------------------------
     0 | D:1      | Newt the Demonspawn Gladiator began the quest for the Orb.
     0 | D:1      | Reached XP level 1. HP: 16/16 MP: 1/1
   534 | D:1      | Gained mutation: You are partially covered in slimy green
                  | scales. (AC +2) [demonic ancestry]
   534 | D:1      | Reached XP level 2. HP: 22/23 MP: 2/2
   766 | D:2      | Reached skill level 3 in Fighting
   991 | D:2      | Gained mutation: You sometimes gain a little power by
                  | taking damage. [demonic ancestry]
   991 | D:2      | Reached XP level 3. HP: 30/30 MP: 3/3
  1097 | D:2      | Found a burning altar of Makhleb.
  1126 | D:2      | Became a worshipper of Makhleb the Destroyer
  1148 | D:2      | Reached skill level 4 in Fighting
  1327 | D:2      | Gained mutation: You have a pair of small horns on your
                  | head. [demonic ancestry]
  1327 | D:2      | Reached XP level 4. HP: 37/37 MP: 4/4
  1705 | D:3      | Noticed Ijyb
  1724 | D:3      | HP: 1/37 [Ijyb/+0 dagger of venom (3)]
  1724 | D:3      | Frozen to death by an endoplasm

Illustrated notes

Levels and vault maps discovered:
D:1:      dpeg_arrival_simpleton_a, layout_loops_ring, grunt_decor_junction,
          minmay_misc_feat_encased
D:2:      layout_loops_cross, basic_altar, minmay_worlds_worst_comb
D:3:      cheibrodos_greedy_goblins, layout_rooms, uniq_ijyb

Skill      XL: |  1  2  3 |
---------------+----------+-----
Fighting       | 3 4 |  4.0
Short Blades   | 3 |  3.3
Throwing       | |  1.7
Dodging        | |  2.6

Action                     |  1- 3 |  4- 6 || total
---------------------------+-------+-------++-------
  Melee: Rapier            |   126 |    33 ||   159
         Headbutt          |       |     9 ||     9
         Dagger            |       |     7 ||     7
  Throw: Throwing net      |       |     3 ||     3
    Use: Scroll            |     3 |       ||     3
   Stab: Sleeping          |     1 |       ||     1
         Held in net/web   |       |     2 ||     2
 Armour: Leather armour    |    50 |    15 ||    65
  Dodge: Dodged            |    89 |    29 ||   118

Table legend: (Time is in decaauts)
 A = Elapsed time spent in this place.
 B = Non-inter-level travel time spent in this place.
 C = Inter-level travel time spent in this place.
 D = Time resting spent in this place.
 E = Time spent auto-exploring this place.
 F = Levels seen in this place.
 G = Mean time per level.
                   A        B        C        D        E       F      G
               +--------+--------+--------+--------+--------+-----+--------+
         Total |   1731 |   1647 |     84 |    154 |   1177 |   3 |  577.0 |
       Dungeon |   1731 |   1647 |     84 |    154 |   1177 |   3 |  577.0 |
               +--------+--------+--------+--------+--------+-----+--------+

Top non-repeatable levels by time:
     D:2: 1028 daAuts
     D:1: 684 daAuts
     D:3: 18 daAuts
